AoeStats
← TiTanus21

Oasis

510144697Analyzed
4v4 RM · 2d ago on Sep 29, 2026· 68m 54s· 8 players
Game mode
Random Map
Map size
Large (8 player)
Population
200
Speed
Normal
Resources
Standard
Victory
Conquest
Starting age
Dark Age
Ending age
Imperial Age
RankedLock teamsTeams togetherTeam positionsShared explorationLock speedFull tech treeHidden civsTurbo modeCheats
Victory
Defeat
🇨🇿 Cumans · Czechia
952
+15
🇨🇿 Italians · Czechia
903
+17
🇨🇿 Burgundians · Czechia
894
+17
🇨🇿 Byzantines · Czechia
886
+17
🇮🇹 Huns · Italy
1032
-21
🇧🇷 Spanish · Brazil
948
-18
🇨🇭 Gurjaras · Switzerland
947
-18
🇮🇹 Huns · Italy
736
-9
Furthad
1:00 Loom
3:34 Double-Bit Axe
10:51 Horse Collar
14:50 Feudal Age
13:50 Gold Mining
16:07 Heavy Plow
16:21 Bow Saw
16:25 Stone Mining
21:38 Gold Shaft Mining
24:00 Fletching
28:15 Castle Age
29:25 Padded Archer Armor
31:44 Elite Skirmisher
41:25 Cavalier
42:45 Husbandry
44:45 Cavalier
46:02 Bodkin Arrow
47:01 Forging
47:56 Scale Barding Armor
50:33 Chain Barding Armor
50:49 Iron Casting
55:44 Two-Man Saw
55:17 Crop Rotation
55:28 Stone Shaft Mining
58:28 Leather Archer Armor
58:41 Ballistics
64:36 Burgundian Vineyards
Juklik
2:10 Loom
10:57 Feudal Age
12:28 Horse Collar
12:53 Double-Bit Axe
19:53 Stone Mining
28:06 Scale Mail Armor
28:17 Forging
28:21 Gold Mining
30:55 Wheelbarrow
30:06 Town Watch
32:04 Fletching
34:59 Castle Age
36:07 Squires
35:35 Pikeman
36:18 Squires
36:04 Arson
35:42 Capped Ram
36:43 Chain Mail Armor
37:03 Iron Casting
40:07 Bodkin Arrow
42:44 Imperial Age
42:54 Ballistics
42:30 Murder Holes
43:11 Halberdier
46:47 Conscription
46:32 Steppe Husbandry
50:50 Hand Cart
50:38 Heavy Plow
50:54 Bow Saw
50:51 Thumb Ring
51:12 Parthian Tactics
53:01 Siege Ram
58:48 Heavy Cavalry Archer
60:35 Chemistry
59:47 Masonry
60:15 Hoardings
63:41 Plate Mail Armor
63:12 Padded Archer Armor
64:13 Blast Furnace
63:33 Town Patrol
63:37 Cuman Mercenaries
64:01 Elite Kipchak
TiTanus21
0:34 Loom
10:21 Feudal Age
11:18 Man-at-Arms
13:10 Double-Bit Axe
14:01 Horse Collar
17:00 Stone Mining
23:33 Castle Age
21:54 Scale Mail Armor
22:09 Gold Mining
28:10 Wheelbarrow
32:03 Murder Holes
33:10 Bow Saw
33:03 Heavy Plow
33:23 Caravan
34:02 Scale Barding Armor
33:50 Fletching
36:45 Ballistics
47:37 Imperial Age
48:10 Forging
47:56 Bodkin Arrow
48:16 Greek Fire
49:23 Chemistry
48:04 Treadmill Crane
50:01 Heavy Camel Rider
51:21 Chain Barding Armor
51:37 Iron Casting
52:43 Husbandry
53:09 Bombard Tower
53:33 Squires
54:28 Elite Varangian Guard
58:13 Conscription
61:39 Pikeman
DUR4 Charlie
1:48 Loom
11:30 Feudal Age
16:26 Castle Age
17:43 Double-Bit Axe
18:36 Forging
18:19 Fletching
18:30 Padded Archer Armor
18:30 Scale Mail Armor
18:36 Scale Barding Armor
21:40 Horse Collar
22:39 Wheelbarrow
25:10 Pikeman
31:45 Imperial Age
30:12 Squires
30:49 Murder Holes
31:15 Ballistics
33:31 Chemistry
33:27 Bodkin Arrow
35:33 Arrowslits
37:13 Town Watch
37:44 Hand Cart
41:09 Masonry
47:13 Bombard Tower
47:26 Architecture
48:36 Thumb Ring
48:40 Heavy Plow
48:54 Bow Saw
48:36 Elite Genoese Crossbowman
51:18 Town Patrol
51:44 Conscription
51:44 Pirotechnia
51:33 Treadmill Crane
52:57 Two-Man Saw
52:32 Crop Rotation
51:33 Elite Skirmisher
52:04 Arson
52:58 Iron Casting
52:24 Bracer
52:40 Chain Mail Armor
52:40 Leather Archer Armor
61:28 Blast Furnace
60:48 Chain Barding Armor
60:59 Ring Archer Armor
61:00 Plate Mail Armor
61:08 Hoardings
60:54 Silk Road
62:44 Guard Tower
63:05 Fortified Wall
63:00 Siphons
62:47 Heated Shot
Dark Sniper 0
3:00 Loom
4:15 Loom
4:29 Loom
6:01 Loom
10:49 Feudal Age
14:54 Castle Age
13:15 Double-Bit Axe
21:54 Bow Saw
26:36 Forging
26:32 Scale Barding Armor
30:19 Wheelbarrow
29:42 Gold Mining
34:02 Iron Casting
34:04 Chain Barding Armor
37:41 Imperial Age
45:33 Elite Tarkan
48:42 Blast Furnace
nuclear18
15:23 Feudal Age
21:17 Forging
21:15 Scale Barding Armor
21:25 Bloodlines
28:42 Double-Bit Axe
l'entourloupe
5:31 Loom
12:36 Feudal Age
14:07 Double-Bit Axe
19:04 Castle Age
20:25 Horse Collar
21:00 Bow Saw
31:34 Bloodlines
31:29 Padded Archer Armor
36:35 Imperial Age
35:39 Leather Archer Armor
35:26 Husbandry
36:03 Heavy Plow
36:40 Wheelbarrow
37:50 Caravan
39:43 Stone Mining
39:47 Gold Mining
39:43 Elite Skirmisher
40:01 Cavalier
41:37 Fletching
41:18 Light Cavalry
41:19 Paladin
42:40 Bodkin Arrow
43:18 Ring Archer Armor
44:19 Chemistry
43:31 Pikeman
44:15 Hussar
45:23 Hand Cart
45:45 Ballistics
46:37 Scale Barding Armor
47:29 Stone Shaft Mining
47:13 Thumb Ring
47:27 Forging
47:39 Chain Barding Armor
47:54 Bracer
48:33 Conscription
49:04 Bombard Tower
48:37 Halberdier
52:57 Plate Barding Armor
53:01 Iron Casting
52:27 Scale Mail Armor
56:53 Blast Furnace
56:09 Chain Mail Armor
frederic11
10:48 Feudal Age
9:47 Loom
14:53 Horse Collar
20:15 Castle Age
21:20 Double-Bit Axe
33:15 Imperial Age
34:22 Bow Saw
35:59 Heavy Scorpion
38:14 Fletching
38:24 Padded Archer Armor
38:53 Ballistics
39:35 Chemistry
38:41 Heavy Camel Rider
42:14 Bloodlines
42:04 Husbandry
42:42 Heavy Plow
43:12 Scale Barding Armor
44:18 Crop Rotation
46:46 Caravan
47:58 Chain Barding Armor
47:35 Bodkin Arrow
47:55 Leather Archer Armor
52:35 Elite Elephant Archer
Connection lost

Rejoining the realm…

Still unreachable

The connection could not be restored.

Session expired

The server has moved on; the page needs a fresh start.